AoeStats
← ITA | Raffy

Black Forest

505513105Analyzed
4v4 RM · 22d ago on Sep 9, 2026· 90m 35s· 8 players
Game mode
Random Map
Map size
Large (8 player)
Population
200
Speed
Normal
Resources
Standard
Victory
Conquest
Starting age
Dark Age
Ending age
Imperial Age
RankedLock teamsTeams togetherTeam positionsShared explorationLock speedFull tech treeHidden civsTurbo modeCheats
Victory
Defeat
🇺🇸 Celts · United States
1260
+15
🇮🇹 Mongols · Italy
1236
+16
🇨🇴 Khmer · Colombia
1232
+16
🇪🇸 Italians · Spain
1201
+17
🇩🇪 Persians · Germany
1269
-18
🇮🇳 Turks · India
1257
-17
🇹🇷 Persians · Türkiye
1213
-15
🇪🇸 Portuguese · Spain
1175
-14
JANGEL4107
0:27 Loom
12:55 Feudal Age
15:32 Wheelbarrow
17:22 Castle Age
15:20 Double-Bit Axe
16:57 Gold Mining
17:26 Stone Mining
17:50 Horse Collar
19:10 Hand Cart
26:41 Heavy Plow
28:28 Bloodlines
28:21 Husbandry
29:31 Gold Shaft Mining
29:33 Stone Shaft Mining
29:32 Scale Barding Armor
29:17 Fletching
29:28 Padded Archer Armor
30:25 Caravan
30:55 Coinage
31:50 Ballistics
31:41 Masonry
31:28 Murder Holes
31:13 Light Cavalry
35:02 Imperial Age
33:05 Chain Barding Armor
32:56 Forging
32:41 Bodkin Arrow
34:26 Leather Archer Armor
35:25 Iron Casting
37:02 Chemistry
36:15 Hussar
36:47 Elite Ballista Elephant
37:28 Double Crossbow
40:15 Scale Mail Armor
41:16 Blast Furnace
40:52 Plate Barding Armor
40:17 Bracer
40:48 Ring Archer Armor
40:29 Pikeman
42:02 Hoardings
41:21 Halberdier
43:22 Architecture
43:26 Chain Mail Armor
60:35 Banking
63:39 Siege Engineers
63:45 Fortified Wall
66:36 Arson
91:27 Conscription
ׅ
0:39 Loom
11:17 Feudal Age
11:46 Double-Bit Axe
16:20 Castle Age
15:42 Gold Mining
17:17 Bow Saw
18:16 Gold Shaft Mining
24:35 Sanctity
35:48 Imperial Age
34:55 Wheelbarrow
35:55 Onager
39:33 Siege Onager
41:58 Siege Engineers
43:37 Fortified Wall
43:48 Ballistics
45:25 Fervor
44:40 Capped Ram
46:43 Siege Ram
52:25 Stone Mining
53:27 Furor Celtica
53:09 Stronghold
53:15 Fletching
53:27 Murder Holes
53:42 Masonry
58:49 Stone Shaft Mining
59:06 Hand Cart
58:46 Town Watch
58:58 Bodkin Arrow
63:17 Hoardings
63:03 Conscription
62:58 Forging
62:48 Scale Mail Armor
67:59 Horse Collar
69:27 Iron Casting
70:02 Caravan
71:16 Blast Furnace
70:31 Chain Mail Armor
70:44 Pikeman
71:10 Arson
71:41 Halberdier
75:39 Plate Mail Armor
Barrios
1:21 Loom
15:09 Feudal Age
16:47 Double-Bit Axe
19:32 Castle Age
17:59 Horse Collar
25:19 Imperial Age
23:56 Gold Mining
25:55 Bow Saw
27:04 Chemistry
30:38 Fortified Wall
32:15 Pikeman
33:56 Fletching
34:16 Forging
34:40 Ballistics
36:20 Bodkin Arrow
37:02 Iron Casting
43:30 Wheelbarrow
43:08 Stone Mining
46:40 Stone Shaft Mining
52:33 Heavy Plow
52:50 Bow Saw
55:22 Bracer
55:30 Caravan
57:33 Blast Furnace
57:50 Conscription
57:44 Elite Genoese Crossbowman
59:08 Hand Cart
59:21 Padded Archer Armor
61:05 Silk Road
61:44 Leather Archer Armor
64:39 Coinage
64:19 Guilds
67:53 Two-Man Saw
66:40 Town Watch
68:53 Banking
71:38 Capped Ram
74:44 Light Cavalry
75:25 Husbandry
75:37 Bloodlines
76:27 Hussar
78:30 Scale Barding Armor
78:55 Ring Archer Armor
80:33 Treadmill Crane
81:05 Masonry
83:28 Hoardings
84:02 Heavy Plow
85:32 Chain Barding Armor
90:27 Crop Rotation
ITA | Raffy
6:45 Loom
11:53 Feudal Age
15:50 Castle Age
13:39 Double-Bit Axe
13:45 Horse Collar
17:04 Bow Saw
18:31 Stone Mining
18:56 Heavy Plow
21:26 Wheelbarrow
23:12 Fletching
23:23 Padded Archer Armor
23:38 Bloodlines
23:41 Gold Mining
25:31 Leather Archer Armor
25:20 Husbandry
26:41 Stone Shaft Mining
26:42 Gold Shaft Mining
27:57 Ballistics
28:43 Masonry
31:40 Imperial Age
29:17 Devotion
29:45 Bodkin Arrow
32:49 Bracer
32:16 Elite Mangudai
33:17 Conscription
34:09 Chemistry
33:21 Thumb Ring
33:48 Parthian Tactics
35:15 Murder Holes
37:03 Faith
37:17 Drill
37:22 Hand Cart
37:04 Capped Ram
38:34 Siege Ram
46:31 Caravan
47:44 Nomads
69:50 Scale Barding Armor
69:56 Forging
69:35 Light Cavalry
70:30 Hussar
71:37 Chain Barding Armor
72:57 Iron Casting
ToTheAnd
6:52 Loom
10:41 Feudal Age
14:31 Castle Age
12:42 Double-Bit Axe
13:30 Gold Mining
13:34 Horse Collar
16:05 Scale Barding Armor
16:32 Bloodlines
17:15 Husbandry
21:29 Forging
27:48 Bow Saw
29:33 Wheelbarrow
29:01 Heavy Plow
29:37 Gold Shaft Mining
29:49 Light Cavalry
35:03 Imperial Age
32:20 Town Watch
33:17 Stone Mining
33:48 Chain Barding Armor
35:05 Iron Casting
34:56 Cavalier
36:17 Hand Cart
37:08 Plate Barding Armor
39:37 Blast Furnace
39:47 Savar
41:22 Fletching
47:36 Hussar
49:42 Bodkin Arrow
51:35 Devotion
53:09 Conscription
54:38 Two-Man Saw
54:09 Crop Rotation
53:43 Padded Archer Armor
53:43 Scale Mail Armor
53:50 Kamandaran
57:06 Crossbowman
58:23 Guilds
58:42 Thumb Ring
59:05 Caravan
61:11 Leather Archer Armor
62:28 Ring Archer Armor
63:29 Ballistics
64:09 Chemistry
63:22 Masonry
68:49 Hoardings
68:55 Chain Mail Armor
69:24 Coinage
69:49 Architecture
71:43 Banking
71:19 Onager
75:27 Plate Mail Armor
78:59 Citadels
81:08 Elite War Elephant
Pedrulete
0:56 Loom
12:47 Feudal Age
16:59 Castle Age
15:15 Fletching
15:50 Double-Bit Axe
16:52 Padded Archer Armor
19:17 Crossbowman
20:38 Sanctity
23:19 Redemption
24:12 Gold Mining
25:11 Fervor
29:48 Horse Collar
35:24 Imperial Age
35:15 Stone Mining
35:36 Bow Saw
35:43 Bodkin Arrow
36:04 Leather Archer Armor
35:47 Elite Skirmisher
37:32 Block Printing
37:35 Bracer
39:24 Ring Archer Armor
40:13 Ballistics
45:44 Light Cavalry
46:53 Bloodlines
46:46 Husbandry
47:06 Scale Barding Armor
50:52 Guard Tower
52:05 Chemistry
52:07 Wheelbarrow
53:17 Bombard Tower
53:13 Masonry
54:17 Stone Shaft Mining
55:04 Architecture
54:22 Treadmill Crane
55:21 Hand Cart
57:01 Arquebus
58:31 Siege Engineers
66:52 Caravan
77:55 Sappers
79:24 Elite Organ Gun
80:26 Conscription
zeron
8:04 Loom
11:17 Feudal Age
14:45 Castle Age
13:32 Double-Bit Axe
16:09 Bow Saw
17:14 Horse Collar
17:35 Town Watch
18:30 Wheelbarrow
20:18 Heavy Plow
31:21 Imperial Age
29:18 Gold Mining
29:21 Stone Mining
30:50 Scale Barding Armor
30:56 Forging
31:27 Gold Shaft Mining
31:27 Stone Shaft Mining
31:37 Stone Shaft Mining
32:15 Elite War Elephant
33:57 Iron Casting
34:46 Two-Man Saw
34:49 Chain Barding Armor
35:41 Blast Furnace
37:38 Plate Barding Armor
38:27 Husbandry
38:40 Bloodlines
39:37 Light Cavalry
40:58 Hussar
42:00 Fletching
42:10 Padded Archer Armor
42:51 Caravan
56:00 Elite Skirmisher
56:47 Thumb Ring
56:59 Leather Archer Armor
56:40 Bodkin Arrow
60:14 Chemistry
59:35 Ballistics
59:27 Masonry
59:56 Hoardings
59:36 Kamandaran
60:34 Citadels
64:03 Ring Archer Armor
65:09 Coinage
64:49 Guilds
65:21 Scale Mail Armor
77:23 Chain Mail Armor
77:43 Architecture
79:21 Hand Cart
79:07 Town Patrol
84:36 Banking
Gilgamesh43499
1:14 Loom
12:35 Feudal Age
13:58 Man-at-Arms
14:49 Double-Bit Axe
16:53 Horse Collar
22:12 Castle Age
24:05 Wheelbarrow
24:04 Bow Saw
24:47 Heavy Plow
27:48 Hand Cart
28:05 Gold Mining
28:06 Stone Mining
29:03 Town Watch
31:18 Masonry
33:51 Imperial Age
32:12 Fervor
33:35 Caravan
34:45 Heavy Cavalry Archer
35:51 Parthian Tactics
35:18 Fletching
37:54 Bodkin Arrow
38:37 Architecture
38:28 Ballistics
41:16 Sipahi
41:22 Conscription
40:59 Treadmill Crane
43:35 Fortified Wall
43:46 Bombard Tower
46:36 Gold Shaft Mining
46:49 Bloodlines
46:40 Husbandry
50:44 Bracer
50:44 Padded Archer Armor
50:50 Scale Barding Armor
50:55 Forging
51:02 Murder Holes
52:47 Leather Archer Armor
52:53 Chain Barding Armor
52:13 Heavy Camel Rider
57:23 Plate Barding Armor
58:24 Two-Man Saw
60:30 Thumb Ring
61:32 Heavy Scorpion
63:50 Arrowslits
65:37 Artillery
66:20 Hoardings
67:02 Iron Casting
73:00 Sanctity
81:36 Blast Furnace
81:17 Ring Archer Armor
Connection lost

Rejoining the realm…

Still unreachable

The connection could not be restored.

Session expired

The server has moved on; the page needs a fresh start.